 Dungeon Crawl Stone Soup version 0.29-a0-542-g075992c915 (webtiles) character file.

Game seed: 1627918048272422933

1206 ytrimaz the Insei (level 8, -15/46 (48) HPs)
             Began as an Octopode Transmuter on June 5, 2022.
             Demolished by a wight
             ... wielding a +4 falchion
              (16 damage)
             ... on level 6 of the Dungeon.
             The game lasted 00:07:31 (7285 turns).

ytrimaz the Insei (Octopode Transmuter)             Turns: 7285, Time: 00:07:32

HP:   -15/46 (48)   AC:  2    Str:  9    XL:     8   Next: 45%
MP:   0/14          EV: 22    Int: 17    God:
Gold: 312           SH:  0    Dex: 18    Spells: 5/15 levels left

rFire   + . .      SeeInvis .     - Unarmed
rCold   . . .      Faith    .   (shield currently unavailable)
rNeg    . . .      Spirit   +   (helmet currently unavailable)
rPois   x          Reflect  .   i - amulet of guardian spirit
rElec   .          Harm     .   e - ring of protection from fire
rCorr   .          Rampage  .   (no ring)
Will    .....                   (no ring)
Stlth   ++........              (no ring)
HPRegen 0.15/turn               (no ring)
MPRegen 0.14/turn               (no ring)
                                (no ring)
                                (no ring)

@: spider-form, lightly drained
A: venomous fangs, almost no armour, (amphibious), 8 rings, tiny, (camouflage
1), (gelatinous body 1), (nimble swimmer 1), (tentacles)
a: End Transformation


You were on level 6 of the Dungeon.
You were a venomous arachnid creature.
You visited 2 branches of the dungeon, and saw 7 of its levels.

You collected 312 gold pieces.

Inventory:

Jewellery
 a - a ring of fire
 e - a ring of protection from fire (left front leg)
 i - an amulet of guardian spirit (around neck)
Scrolls
 j - 2 scrolls of enchant weapon
 k - a scroll of amnesia
 o - a scroll of magic mapping
Potions
 c - a potion of degeneration {unknown}
 f - a potion of flight {unknown}
 g - a potion of cancellation {unknown}
 h - 2 potions of haste {unknown}
 l - a potion of brilliance {unknown}
 m - 2 potions of attraction {unknown}
 n - a potion of magic {unknown}


   Skills:
 - Level 1.0 Fighting
 - Level 5.0 Dodging
 - Level 5.0 Unarmed Combat
 - Level 4.0 Spellcasting
 - Level 4.0 Transmutations
 + Level 4.1 Ice Magic
 - Level 4.0 Poison Magic


You had 5 spell levels left.
You knew the following spells:

 Your Spells              Type           Power      Damage    Failure   Level
a - Beastly Appendage     Tmut           34%        N/A       11%         1
b - Wereblood             Tmut           17%        N/A       14%         2
c - Spider Form           Tmut/Pois      17%        N/A       22%         3
d - Ice Form              Ice/Tmut       17%        N/A       52%         4

Your spell library contained the following spells:

 Spells                   Type           Power      Damage    Failure   Level
 Passwall                 Tmut/Erth      8%         N/A       26%         2
 Sandblast                Erth           6%         2d5       34%         1
 Stone Arrow              Conj/Erth      6%         3d7       65%         3
 Tukima's Dance           Hex            3%         N/A       65%         3
 Passage of Golubria      Tloc           3%         N/A       94%         4
 Yara's Violent Unravell  Hex/Tmut       5%         3d4       96%         5
 Lehudib's Crystal Spear  Conj/Erth      1%         10d2      100%        8
 Animate Armour           Summ/Erth      Unusable   N/A       N/A         4

Dungeon Overview and Level Annotations

Branches:
Dungeon (6/15)             Temple (1/1) D:4

Altars:
Dithmenos
Elyvilon
Kikubaaqudgha
Nemelex Xobeh
Okawaru
Qazlal
Ru
Sif Muna
Trog
Vehumet
Yredelemnul
The Shining One

Shops:
D:4 !


Innate Abilities, Weirdness & Mutations

You are a venomous arachnid creature.
You have poisonous fangs.
You are tiny and dextrous.
Your spellcasting is less reliable in this form.
Your armour is entirely melded.
You are incapable of wielding weapons or throwing items.
You cannot wear most types of armour.
((You are amphibious.))
You can wear up to eight rings at the same time.
((Your skin changes colour to match your surroundings (Stealth+).))
((Your rubbery body absorbs attacks. (AC +1, EV +1)))
((You are camouflaged when in or above water. (Stealth+)))
((You have tentacles for arms and can constrict up to eight enemies at once.))


Message History

You feel invigorated. The orc hits you with a +0 short sword.
* * * LOW HITPOINT WARNING * * *
Unknown command.
You kill the orc!
You bump into the rock wall.
You feel less invigorated.
You feel less confused.
You closely miss the orc. You grab the orc. You tentacle-slap the orc.
The orc is heavily wounded.
You constrict the orc. The orc closely misses you.
You tentacle-slap the orc but do no damage.
The orc is almost dead.
You constrict the orc.
You kill the orc!
Found 6 gold pieces.
Casting: Spider Form (dangerous; 9% risk of failure)
Confirm with . or Enter, or press ? or * to list all spells.
You turn into a venomous arachnid creature.
The wight completely misses you.
A wight is nearby!
You bite the wight!
The wight is heavily damaged.
You hit the wight.
The wight is almost destroyed.
The wight hits you with a +1 short sword.
You feel drained.
You hit the wight.
You destroy the wight!
Your Ice Magic skill increases to level 4!
You hit something. Something misses you.
You hit something. Something hits you but does no damage.
You hit something.
Reactivating autopickup.
You feel a bit more experienced.
Your life force feels restored.
You hit the wight but do no damage. The wight hits you with a +4 falchion!
* * * LOW HITPOINT WARNING * * *
You feel drained.
* * * LOW HITPOINT WARNING * * *
You completely miss the wight. The wight hits you with a +4 falchion!
You die...

########.##
#.zs......$
#)##.......
#)# .###$#.
#..)z# .#
#..... .#
.......#.#
###.#...#.#
#........ #
#....


You could see a wight.

Vanquished Creatures
  A water moccasin (D:4)
  An orc warrior (D:6)
  An ice beast (D:5)
  A necrophage (D:5)
  3 scorpions
  A wight (D:6)
  4 hounds
  A jelly (D:4)
  2 orc priests
  A gnoll shaman (D:4)
  3 iguanas
  2 orc wizards
  8 adders
  7 gnolls (D:4)
  A white imp (D:5)
  An ufetubus (D:4)
  3 worms
  3 dart slugs
  14 orcs
  6 ball pythons
  10 endoplasms
  2 giant cockroaches
  11 hobgoblins
  A quokka (D:1)
  3 bats
  5 frilled lizards
  6 goblins
  3 kobolds
  5 rats
110 creatures vanquished.

Vanquished Creatures (others)
  A plant (D:4)
1 creature vanquished.

Grand Total: 111 creatures vanquished

Notes
Turn   | Place    | Note
-------+----------+-------------------------------------------
     0 | D:1      | ytrimaz the Octopode Transmuter began the quest for the
                  | Orb.
     0 | D:1      | Reached XP level 1. HP: 13/13 MP: 3/3
   248 | D:1      | Reached XP level 2. HP: 15/18 MP: 3/5
   783 | D:1      | Found a faded altar of an unknown god.
  1207 | D:2      | Reached XP level 3. HP: 22/23 MP: 6/6
  1210 | D:2      | Learned a level 2 spell: Wereblood
  1217 | D:2      | Learned a level 3 spell: Spider Form
  1460 | D:2      | Identified the +2 leather armour of Stoicism {Fly Int+4}
  1865 | D:2      | Found an iron altar of Okawaru.
  2531 | D:3      | Reached XP level 4. HP: 26/28 MP: 8/8
  2715 | D:3      | Found a white marble altar of Elyvilon.
  3579 | D:4      | Reached XP level 5. HP: 27/33 MP: 1/10
  3984 | D:4      | Found a staircase to the Ecumenical Temple.
  4001 | Temple   | Entered the Ecumenical Temple
  4363 | D:4      | Noticed a water moccasin
  4532 | D:3      | Learned a level 4 spell: Ice Form
  4669 | D:4      | Killed a water moccasin
  4670 | D:4      | Reached XP level 6. HP: 38/38 MP: 6/12
  4731 | D:4      | Found Itzik's Distillery.
  4949 | D:4      | Reached skill level 1 in Poison Magic
  4953 | D:4      | Reached skill level 5 in Unarmed Combat
  4953 | D:4      | Reached XP level 7. HP: 16/43 MP: 9/13
  5830 | D:4      | Found a shimmering blue altar of Sif Muna.
  5936 | D:5      | Entered Level 5 of the Dungeon
  6369 | D:5      | Reached XP level 8. HP: 46/48 MP: 10/14
  6602 | D:5      | Reached skill level 5 in Dodging
  7284 | D:6      | HP: 1/46 [wight/+4 falchion (4)]
  7285 | D:6      | Demolished by a wight

Illustrated notes

Levels and vault maps discovered:
D:1:      wheals_arrival_shading, layout_basic,
          hellmonk_ecumenical_altar_run_dry
D:2:      layout_basic, basic_altar
D:3:      layout_loops_cross, elyvilon_altar_1, grunt_ministairs_13
D:4:      nicolae_cairo_tiling_very_big, layout_loops_ring,
          mainiacjoe_overflow_alcove_4, minmay_temple_entry_overgrown,
          serial_shops, nicolae_shop_crystal, corexii_shack,
          hangedman_decor_riveting, feat_on_display
D:5:      layout_loops_ring
D:6:      layout_loops_ring, mainiacjoe_overflow_small_starburst,
          kennysheep_little_box, zin_scriptorium
Temple:   compressed_dpeg_circular_temple

Skill      XL: |  1  2  3  4  5  6  7  8 |
---------------+-------------------------+-----
Spellcasting   | 3 4 |  4.0
Unarmed Combat | 4 5 |  5.0
Transmutations | 3 4 |  4.0
Poison Magic   | 1 3 4 |  4.0
Dodging        | 3 4 5 |  5.0
Ice Magic      | 4 |  4.1
Fighting       | |  1.0

Action                   |  1- 3 |  4- 6 |  7- 9 || total
-------------------------+-------+-------+-------++-------
Melee: Unarmed           |    92 |   110 |   140 ||   342
       Kick              |    15 |    11 |     2 ||    28
       Constrict         |    21 |    12 |     5 ||    38
       Tentacles         |    15 |    10 |     4 ||    29
       Punch             |     2 |     1 |     1 ||     4
 Cast: Beastly Appendage |    18 |    10 |     4 ||    32
       Spider Form       |       |     6 |    14 ||    20
       Ice Form          |       |     1 |     1 ||     2
       Wereblood         |       |       |     2 ||     2
  Use: Scroll            |     7 |     3 |     1 ||    11
       Potion            |       |     2 |     4 ||     6
 Stab: Sleeping          |    10 |     7 |       ||    17
Armor: Skin              |     9 |     6 |    15 ||    30
Dodge: Dodged            |    52 |    66 |   130 ||   248

Table legend: (Time is in decaauts)
 A = Elapsed time spent in this place.
 B = Non-inter-level travel time spent in this place.
 C = Inter-level travel time spent in this place.
 D = Time resting spent in this place.
 E = Time spent auto-exploring this place.
 F = Levels seen in this place.
 G = Mean time per level.
                   A        B        C        D        E       F      G
               +--------+--------+--------+--------+--------+-----+--------+
         Total |   7260 |   7149 |    111 |   1155 |   4945 |   7 | 1037.1 |
       Dungeon |   6930 |   6847 |     83 |    955 |   4854 |   6 | 1155.0 |
        Temple |    329 |    301 |     28 |    200 |     91 |   1 |  329.0 |
               +--------+--------+--------+--------+--------+-----+--------+

Top non-repeatable levels by time:
     D:4: 1980 daAuts
     D:3: 1581 daAuts
     D:5: 1299 daAuts
     D:1: 1197 daAuts
     D:2: 831 daAuts
  Temple: 329 daAuts
     D:6: 40 daAuts
